 Dungeon Crawl Stone Soup version 0.31.0-11-ge490571c62 (webtiles) character file.

Game seed: 2567211379131641516

9 Gadfly the Trooper (level 2, 18/24 HPs)
             Began as a Demonspawn Monk on Jan 28, 2024.
             Quit the game on level 1 of the Dungeon.
             The game lasted 00:00:57 (323 turns).

Gadfly the Trooper (Demonspawn Monk)                 Turns: 323, Time: 00:00:57

Health: 18/24      AC:  2    Str: 11    XL:     2   Next: 3%
Magic:  2/2        EV: 13    Int: 10    God:
Gold:   0          SH:  0    Dex: 15    Spells: 1/1 levels left

rFire   . .          .
                       - Unarmed
rCold   . . .        c - orb {light}
rNeg    . . .        a - +0 robe
rPois   .            (no helmet)
rElec   .            (no cloak)
rCorr   .            (no gloves)
SInv    .            (no boots)
Will    .....        (no amulet)
Stlth   +            (no ring)
HPRegen 0.24/turn    (no ring)
MPRegen 0.08/turn

%: no passive effects
@: glowing
A: demonic magic 1
a: no special abilities


You were on level 1 of the Dungeon.
You visited 1 branch of the dungeon, and saw 1 of its levels.

Inventory:

Armour
 a - a +0 robe (worn)
 c - an orb of light (worn)
Jewellery
 h - a ring of willpower
Scrolls
 d - a scroll of amnesia {unknown}
 e - a scroll of blinking {unknown}
Potions
 b - 2 potions of ambrosia
 f - a potion of heal wounds {unknown}
 g - a potion of might {unknown}


   Skills:
 - Level 3.0 Fighting
 + Level 2.8 Dodging
 + Level 2.8 Unarmed Combat
 * Level 0.8 Evocations
 * Level 0.5 Shapeshifting


You had one spell level left.
You didn't know any spells.
Your spell library contained the following spells:

 Spells                   Type           Power      Damage    Failure   Level
 Call Canine Familiar     Summ           0%         N/A       75%         3
 Sigil of Binding         Hex            0%         N/A       75%         3
 Summon Ice Beast         Ice/Summ       0%         N/A       75%         3
 Dimensional Bullseye     Hex/Tloc       0%         N/A       98%         4
 Summon Mana Viper        Hex/Summ       0%         N/A       100%        5
 Monstrous Menagerie      Summ           0%         N/A       100%        7


Dungeon Overview and Level Annotations

Branches:
Dungeon (1/15)

Altars:

Shops:
D:1 !


Innate Abilities, Weirdness & Mutations

Spells you cast may paralyse adjacent enemies.


Message History

Found a ring mail.
You see here a +0 ring mail.
Found Vubeth's Distillery.
No target in view!
No target in view!
No target in view!
No target in view!
No target in view!
No target in view!
No target in view!
No target in view!
No target in view!
No target in view!
No target in view!
g - a yellow potion
There is an entrance to Vubeth's Distillery here.
h - a ring of willpower
b - 2 potions of ambrosia (gained 1)
A dart slug comes into view.
A dart slug is nearby!
You hit the dart slug but do no damage. The dart slug launches a dart at you.
The slug dart misses you.
You hit the dart slug but do no damage. You hit the dart slug.
The dart slug is heavily wounded.
The dart slug launches a dart at you. The slug dart hits you.
You hit the dart slug.
The dart slug is heavily wounded.
The dart slug launches a dart at you. The slug dart hits you.
You hit the dart slug.
The dart slug is severely wounded.
You hit the dart slug.
You kill the dart slug!
You have reached level 2!
Your demonic ancestry asserts itself...
A menacing aura infuses your magic.
Are you sure you want to abandon this character and quit the game? (Confirm with "yes".)

..##.#......###########.#
#.#.##.###### #.#
...#..... #.# ..)(.#
##### #.# ####.# ... ...
#.# # .. ... #.# # #.##.#
# #.# # ###.##†# #. #.# #
#.....@###..#.#### #
#....#...........# #
####......###..###..# #
..........# #..# #..# #
###.....## #..# #..# #
#....#####..# #..# #
#.#.#.......# #..# #
#.#.........# #..## #
#.###.####### #...#


There were no monsters in sight!

Vanquished Creatures
  A dart slug (D:1)
  A ball python (D:1)
  A bat (D:1)
  A goblin (D:1)
  A hobgoblin (D:1)
  A rat (D:1)
6 creatures vanquished.

Notes
Turn   | Place    | Note
-------+----------+-------------------------------------------
     0 | D:1      | Gadfly the Demonspawn Monk began the quest for the Orb.
     0 | D:1      | Reached XP level 1. HP: 18/18 MP: 1/1
   255 | D:1      | Found Vubeth's Distillery.
   323 | D:1      | Gained mutation: Spells you cast may paralyse adjacent
                  | enemies. [demonic ancestry]
   323 | D:1      | Reached XP level 2. HP: 18/24 MP: 2/2
   323 | D:1      | Quit the game

Illustrated notes

Levels and vault maps discovered:
D:1:      sevenhm_arrival_forest_fort_small_3, layout_loops_ring, serial_shops,
          shop, kennysheep_small_spiral

Action                     || total
---------------------------++-------
  Melee: Unarmed           ||    23
    Use: Scroll            ||     1
 Armour: Robe              ||    12
  Dodge: Dodged            ||    10
